AoeStats
← Meetjeslander

QS Arena

503338413Analyzed
2v2 RM · 1mo ago on Aug 31, 2026· 43m 44s· 4 players
Game mode
Random Map
Map size
Medium (4 player)
Population
200
Speed
Normal
Resources
Standard
Victory
Conquest
Starting age
Dark Age
Ending age
Imperial Age
RankedLock teamsTeams togetherTeam positionsShared explorationLock speedFull tech treeHidden civsTurbo modeCheats
Victory
Defeat
🇪🇸 Spanish · Spain
1176
+18
🇦🇺 Celts · Australia
1171
+18
🇧🇪 Persians · Belgium
1270
-20
🇫🇷 Vietnamese · France
1162
-15
LiamJ5500
10:00 Feudal Age
10:10 Feudal Age
11:13 Horse Collar
11:20 Double-Bit Axe
12:57 Loom
15:55 Castle Age
14:19 Man-at-Arms
15:04 Scale Mail Armor
15:41 Wheelbarrow
17:15 Heavy Plow
17:27 Bow Saw
17:38 Forging
17:07 Long Swordsman
23:53 Chain Mail Armor
24:00 Gambesons
24:01 Arson
24:30 Gold Mining
25:48 Iron Casting
31:02 Gold Shaft Mining
35:26 Imperial Age
36:05 Two-Handed Swordsman
36:12 Onager
36:16 Capped Ram
37:20 Conscription
37:11 Furor Celtica
36:43 Pikeman
37:08 Champion
37:41 Halberdier
37:54 Siege Ram
40:04 Plate Mail Armor
40:35 Blast Furnace
Fasces
8:43 Feudal Age
8:24 Loom
13:54 Castle Age
12:08 Double-Bit Axe
12:49 Horse Collar
14:55 Bow Saw
16:18 Fletching
18:05 Bodkin Arrow
19:22 Town Watch
21:22 Husbandry
22:33 Heavy Plow
23:37 Bloodlines
25:43 Wheelbarrow
29:43 Imperial Age
28:30 Fortified Wall
28:41 Ballistics
28:57 Scale Barding Armor
29:20 Murder Holes
31:21 Bracer
33:20 Chemistry
33:37 Chain Barding Armor
33:16 Cavalier
34:08 Forging
35:08 Two-Man Saw
35:22 Plate Barding Armor
35:52 Paladin
37:25 Town Patrol
40:43 Iron Casting
42:49 Blast Furnace
42:47 Hand Cart
Hypoli
2:53 Loom
7:42 Feudal Age
12:18 Castle Age
11:23 Double-Bit Axe
11:35 Stone Mining
16:36 Wheelbarrow
17:36 Double-Bit Axe
23:37 Fletching
23:47 Padded Archer Armor
27:11 Bodkin Arrow
28:44 Bow Saw
35:09 Imperial Age
32:13 Elite Skirmisher
33:16 Town Watch
33:19 Horse Collar
36:20 Imperial Skirmisher
37:51 Ballistics
37:49 Bracer
38:04 Leather Archer Armor
38:57 Two-Man Saw
39:58 Elite Rattan Archer
41:16 Ring Archer Armor
40:53 Thumb Ring
41:56 Chemistry
41:59 Paper Money
Meetjeslander
7:49 Feudal Age
13:01 Castle Age
11:31 Horse Collar
11:39 Double-Bit Axe
14:05 Scale Barding Armor
16:52 Forging
16:47 Heavy Plow
16:59 Bow Saw
17:22 Fletching
18:03 Loom
22:41 Wheelbarrow
25:31 Gold Mining
30:07 Imperial Age
28:13 Hand Cart
28:59 Bodkin Arrow
29:05 Town Watch
31:06 Conscription
32:01 Cavalier
32:42 Husbandry
32:53 Bloodlines
33:26 Chain Barding Armor
39:38 Stone Mining
43:00 Hoardings
42:40 Masonry
44:21 Architecture
Connection lost

Rejoining the realm…

Still unreachable

The connection could not be restored.

Session expired

The server has moved on; the page needs a fresh start.